 Dungeon Crawl Stone Soup version 0.18.1-50-g88ac8fd (webtiles) character file.

2765 magog001 the Protected (level 9, -14/81 HPs)
             Began as a Minotaur Fighter on Aug 8, 2017.
             Was an Initiate of Nemelex Xobeh.
             Killed by divine providence
             ... invoked by an orc priest
              (20 damage)
             ... on level 7 of the Dungeon on Aug 9, 2017.
             The game lasted 00:34:36 (5762 turns).

magog001 the Protected (Minotaur Fighter)           Turns: 5762, Time: 00:34:36

Health: -14/81     AC:  8    Str: 30      XL:     9   Next: 42%
Magic:  7/7        EV:  9    Int: 13      God:    Nemelex Xobeh [......]
Gold:   322        SH: 12    Dex:  4 (6)  Spells: 0 memorised, 8 levels left

rFire  . . .     SeeInvis +     d - +4 flail (crush)
rCold  . . .     Gourm    .     b - +0 scale mail
rNeg   . . .     Faith    .     c - +1 shield
rPois  .         Spirit   .     (helmet unavailable)
rElec  .         Dismiss  .     S - +2 cloak
rCorr  .         Reflect  .     (no gloves)
SustAt .         Harm     +     (no boots)
MR     .....     Clarity  +     v - amulet "Rijegat" {Harm *Drain Str+7 Int+3 Dex-5}
Stlth  .......... Rnd*Tele +    B - ring of see invisible
                                M - +5 ring of intelligence

@: not resistant to hostile enchantments, extremely unstealthy
A: retaliatory headbutt, horns 3, clarity, deformed body, low mp 1, screaming 1,
teleportitis 1
a: Renounce Religion


You were on level 7 of the Dungeon.
You worshipped Nemelex Xobeh.
Nemelex Xobeh was noncommittal.
You were very hungry.

You visited 1 branch of the dungeon, and saw 7 of its levels.

You collected 322 gold pieces.

Inventory:

Hand Weapons
 d - a +4 flail of crushing (weapon)
 i - the +8 hunting sling of Notuwuvu {velocity, Dex+3}
   (You found it on level 6 of the Dungeon)

   Any stone fired from it inflicts extra damage.
   It affects your dexterity (+3).
Missiles
 k - 231 stones (quivered)
 o - 28 poisoned needles
 D - 24 sling bullets
Armour
 b - a +0 scale mail (worn)
 c - a +1 shield (worn)
 S - a +2 cloak (worn)
Jewellery
 v - the amulet "Rijegat" (around neck) {Harm *Drain Str+7 Int+3 Dex-5}
   (You found it on level 4 of the Dungeon)

   [amulet of harm]

   It increases damage dealt and taken.
   It affects your strength (+7).
   It affects your intelligence (+3).
   It affects your dexterity (-5).
 B - a ring of see invisible (right hand)
 M - a +5 ring of intelligence (left hand)
Wands
 g - a wand of acid (7/15)
 O - a wand of iceblast (5/15)
 R - a wand of polymorph (15/24)
Scrolls
 e - 3 scrolls of fear
 j - a scroll of amnesia
 x - a scroll of remove curse
 y - a scroll of enchant armour
 E - a scroll of magic mapping
 H - a scroll of identify
 I - 2 scrolls of teleportation
 J - 2 scrolls of recharging
Potions
 h - a potion of magic
 p - 2 potions of brilliance
Books
 F - a book of Frost

   Spells                             Type                      Level
   a - Freeze                         Ice                          1
   b - Throw Frost                    Conjuration/Ice              2
   c - Ozocubu's Armour               Charms/Ice                   3
   d - Throw Icicle                   Conjuration/Ice              4
   e - Summon Ice Beast               Ice/Summoning                4
Miscellaneous
 t - a plain deck of war
Comestibles
 a - 6 chunks of flesh
 f - 2 bread rations
 u - a meat ration
 z - a royal jelly
 N - a beef jerky
 Q - a slice of pizza


   Skills:
 * Level 8.1 Fighting
   Level 5.0(6.6) Axes
 * Level 6.7(7.5) Maces & Flails
 + Level 2.1 Slings
 * Level 8.7 Armour
 - Level 1.6 Dodging
 + Level 7.8 Shields


You had 8 spell levels left.
You didn't know any spells.

Dungeon Overview and Level Annotations

Branches:
Dungeon (7/15)             Temple (0/1) D:4

Altars:
Ashenzari
Fedhas
Gozag
Nemelex Xobeh
Okawaru
Ru
Trog


Innate Abilities, Weirdness & Mutations

You reflexively headbutt those who attack you in melee.
You have a pair of large horns on your head.
You possess an exceptional clarity of mind.
Armour fits poorly on your strangely shaped body.
Your magical capacity is low (-10% MP).
You occasionally shout uncontrollably at your foes.
You are occasionally teleported next to monsters.


Message History

The orc moves out of view.
A giant frog comes into view.
The giant frog croaks.
You block the orc warrior's attack.
Things that are here:
a giant club; an ogre corpse You sock the orc warrior!
You kill the orc warrior!
Your Slings skill increases to level 2!
You barely miss the orc. You block the orc's attack.
You bludgeon the orc!!
You kill the orc!
The adder bites you but does no damage.
You closely miss the adder. The adder closely misses you.
You sock the adder!
You kill the adder!
The orc priest mumbles some strange prayers to Beogh against you.
Beogh smites you!
You die...
Your body disappears without a glow.

###..##.#.........#
#.....#
#..##.#.#...#######.###.#
#..##.#.#...........#
#...
#..##.#.#....########
#### #..##....#..##
#......#....#
#..###...#..# #..#
#..##.## #.## #..##@# #.
#..##o# #. #..##(#######
#. #...ooF.....#
#............
#..##..###.## #.. ##.# #
... .# ### .#


You could see a giant frog, an orc priest and 2 orcs.

Vanquished Creatures
  A cyclops (D:7)
  A hippogriff (D:7)
  Edmund (D:4)
  An orc warrior (D:7)
  An eye of draining (D:7)
  3 phantoms
  An ogre (D:7)
  3 centaurs
  A crocodile (D:5)
  4 giant frogs
  4 scorpions
  A water moccasin skeleton (D:4)
  A crimson imp (D:5)
  4 hounds
  3 orc wizards
  A jelly (D:6)
  Crazy Yiuf (D:5)
  2 orc priests (D:4)
  A centaur skeleton (D:4)
  A giant frog skeleton (D:7)
  3 worker ants (D:6)
  A hound zombie (D:5)
  A hound skeleton (D:4)
  A howler monkey zombie (D:7)
  7 gnolls
  9 adders
  2 shadow imps (D:5)
  An ooze (D:1)
  8 worms
  5 giant geckos
  15 orcs
  4 giant cockroaches
  12 goblins
  5 hobgoblins
  14 jackals
  2 quokkas
  3 ball pythons
  7 bats
  5 giant newts
  2 jackal zombies
  7 kobolds
  11 rats
161 creatures vanquished.

Notes
Turn   | Place    | Note
--------------------------------------------------------------
     0 | D:1      | magog001 the Minotaur Fighter began the quest for the Orb.
     0 | D:1      | Reached XP level 1. HP: 19/19 MP: 0/0
   248 | D:1      | Reached XP level 2. HP: 27/27 MP: 1/1
   678 | D:2      | Reached XP level 3. HP: 29/33 MP: 2/2
   902 | D:2      | Found an iron altar of Okawaru.
  1315 | D:2      | Found a shattered altar of Ashenzari.
  1574 | D:2      | Reached XP level 4. HP: 40/40 MP: 3/3
  1670 | D:2      | Reached skill level 1 in Dodging
  2492 | D:3      | Reached skill level 5 in Shields
  2492 | D:3      | Reached XP level 5. HP: 45/46 MP: 4/4
  2615 | D:3      | Found a sacrificial altar of Ru.
  2929 | D:3      | Noticed a moth of wrath
  2932 | D:3      | Found a bloodstained altar of Trog.
  3170 | D:4      | Found a staircase to the Ecumenical Temple.
  3181 | D:4      | Reached skill level 5 in Armour
  3222 | D:4      | Noticed Edmund
  3231 | D:4      | Reached XP level 6. HP: 15/53 MP: 5/5
  3235 | D:4      | Killed Edmund
  3368 | D:4      | Reached skill level 5 in Fighting
  3368 | D:4      | Reached skill level 5 in Axes
  3406 | D:4      | Reached XP level 7. HP: 48/61 MP: 6/6
  3446 | D:4      | Reached skill level 1 in Maces & Flails
  3788 | D:4      | Got a transparent steel amulet
  3791 | D:4      | Identified the amulet "Rijegat" {Harm *Drain Str+7 Int+3 Dex-5} (You found it on level 4 of the Dungeon)
  4268 | D:5      | Entered Level 5 of the Dungeon
  4353 | D:5      | Reached XP level 8. HP: 65/70 MP: 7/7
  4539 | D:5      | Noticed Crazy Yiuf
  4544 | D:5      | Killed Crazy Yiuf
  4663 | D:5      | Found a blossoming altar of Fedhas.
  5046 | D:6      | Found a sparkling altar of Nemelex Xobeh.
  5052 | D:6      | Became a worshipper of Nemelex Xobeh the Trickster
  5076 | D:6      | Received a gift from Nemelex Xobeh
  5183 | D:6      | Reached skill level 5 in Maces & Flails
  5210 | D:6      | Gained mutation: You occasionally shout uncontrollably at your foes. [potion of mutation]
  5210 | D:6      | Gained mutation: Armour fits poorly on your strangely shaped body. [potion of mutation]
  5210 | D:6      | Gained mutation: You are occasionally teleported next to monsters. [potion of mutation]
  5211 | D:6      | Gained mutation: Your magical capacity is low (-10% MP). [potion of mutation]
  5211 | D:6      | Gained mutation: You possess an exceptional clarity of mind. [potion of mutation]
  5211 | D:6      | Gained mutation: You have a pair of large horns on your head. [potion of mutation]
  5391 | D:6      | Got a dazzling hunting sling
  5397 | D:6      | Identified the +8 hunting sling of Notuwuvu {velocity, Dex+3} (You found it on level 6 of the Dungeon)
  5553 | D:7      | Noticed a cyclops
  5558 | D:7      | Killed a cyclops
  5558 | D:7      | Reached XP level 9. HP: 80/80 MP: 7/7
  5582 | D:7      | Found an opulent altar of Gozag.
  5618 | D:7      | Reached skill level 1 in Slings
  5762 | D:7      | Killed from afar by an orc priest

Skill      XL: |  1  2  3  4  5  6  7  8  9 |
---------------+----------------------------+-----
Shields        | 4 5 6 7 |  7.8
Armour         | 4 5 6 8 |  8.7
Axes           | 3 4 5 |  5.0
Fighting       | 4 5 6 7 8 |  8.1
Dodging        | 1 |  1.6
Maces & Flails | 2 5 6 |  6.7
Slings         | 2 |  2.1

Action                   |  1- 3 |  4- 6 |  7- 9 || total
-------------------------+-------+-------+-------++-------
Melee: War axe           |    85 |   163 |       ||   248
       Headbutt          |    10 |    24 |    23 ||    57
       Flail             |       |     9 |   156 ||   165
 Fire: Hunting sling     |       |       |    31 ||    31
  Use: Scroll            |       |     7 |     7 ||    14
       Potion            |       |     1 |    14 ||    15
  Eat: Chunk             |     2 |     5 |     7 ||    14
       Beef jerky        |       |     1 |       ||     1
Armor: Scale mail        |    34 |    61 |    67 ||   162
Dodge: Dodged            |    21 |    66 |    70 ||   157
Block: Shield            |    43 |   113 |   117 ||   273
